 Dungeon Crawl Stone Soup version 0.24.0-123-gd5b16e6ec5 (webtiles) character file.

Game seed: 12591956221670301018, levelgen mode: deterministic

2888 Defined the Carver (level 9, -4/68 HPs)
             Began as a Gnoll Wanderer on Feb 1, 2020.
             Was a Priest of Qazlal.
             Slain by Menkaure (17 damage)
             ... on level 7 of the Dungeon.
             The game lasted 00:30:14 (7427 turns).

Defined the Carver (Gnoll Wanderer)                 Turns: 7427, Time: 00:30:15

Health: -4/68      AC: 13    Str: 17    XL:     9   Next: 77%
Magic:  15/15      EV: 10    Int: 15    God:    Qazlal [***...]
Gold:   316        SH: 10    Dex: 15    Spells: 17/17 levels left

rFire    . . .     SeeInvis .   s - +0 short sword (elec)
rCold    . . .     Gourm    +   M - +0 buckler
rNeg     . . .     Faith    .   r - +0 chain mail
rPois    .         Spirit   .   w - +0 helmet
rElec    .         Reflect  .   (no cloak)
rCorr    .         Harm     .   x - +1 pair of gloves
MR       .....                  (no boots)
Stlth    ..........             q - amulet of the gourmand
HPRegen  0.21/turn              (no ring)
MPRegen  0.14/turn              (no ring)

@: no status effects
A: distributed training, fangs 1, strong nose
a: Upheaval, Elemental Force, Renounce Religion


You were on level 7 of the Dungeon.
You worshipped Qazlal.
Qazlal was most pleased with you.
You were not hungry.

You visited 1 branch of the dungeon, and saw 7 of its levels.
You also visited: Sewer and Ossuary.

You collected 442 gold pieces.
You spent 126 gold pieces at shops.

Inventory:

Hand Weapons
 a - a +2 shortbow
 s - a +0 short sword of electrocution (weapon)
 t - a +2 whip of pain
 H - a +0 quarterstaff of speed
 O - a +2 short sword of venom
Missiles
 b - 79 arrows
Armour
 r - a +0 chain mail (worn)
 w - a +0 helmet (worn)
 x - a +1 pair of gloves (worn)
 M - a +0 buckler (worn)
Magical Staves
 G - an uncursed staff of power
Jewellery
 q - an amulet of the gourmand (around neck)
 J - a +4 ring of intelligence
 L - an uncursed amulet of magic regeneration
Wands
 u - a wand of flame (27)
 y - a wand of paralysis (8)
 I - a wand of iceblast (3)
Scrolls
 c - 6 scrolls of teleportation
 e - a scroll of identify
 g - 4 scrolls of remove curse
 n - 3 scrolls of magic mapping
 v - 2 scrolls of blinking
 z - a scroll of enchant armour
 A - 5 scrolls of immolation
 B - a scroll of amnesia
 C - 2 scrolls of fear
 D - 3 scrolls of fog
 K - a scroll of enchant weapon {unknown}
 N - a scroll of brand weapon {unknown}
Potions
 d - 9 potions of curing
 h - 3 potions of heal wounds {unknown}
 i - 5 potions of haste
 j - 4 potions of lignification {unknown}
 l - 2 potions of cancellation
 m - a potion of degeneration {unknown}
 o - a potion of invisibility
 p - a potion of might {unknown}
 E - a potion of agility {unknown}
 F - 5 potions of magic {unknown}
Comestibles
 f - 14 rations


   Skills:
 + Level 5.2 Fighting
 + Level 4.5 Short Blades
 + Level 8.0 Long Blades
 + Level 4.5 Axes
 + Level 4.5 Maces & Flails
 + Level 4.5 Polearms
 + Level 4.5 Staves
 + Level 4.5 Slings
 + Level 6.5 Bows
 + Level 4.5 Crossbows
 + Level 5.2 Throwing
 + Level 4.5 Armour
 + Level 6.5 Dodging
 + Level 4.5 Stealth
 + Level 4.5 Shields
 + Level 4.5 Unarmed Combat
 + Level 4.5 Spellcasting
 + Level 3.7 Conjurations
 + Level 3.7 Hexes
 + Level 3.7 Charms
 + Level 3.7 Summonings
 + Level 3.7 Necromancy
 + Level 3.7 Translocations
 + Level 3.7 Transmutations
 + Level 3.7 Fire Magic
 + Level 3.7 Ice Magic
 + Level 3.7 Air Magic
 + Level 3.7 Earth Magic
 + Level 3.7 Poison Magic
 + Level 4.9 Invocations
 + Level 5.2 Evocations


You had 17 spell levels left.
You didn't know any spells.
Your spell library contained the following spells:

 Spells                   Type           Power        Failure   Level  Hunger
 Corpse Rot               Necr           N/A          58%         2    ##.....
 Stone Arrow              Conj/Erth      ##....       83%         3    ###....
 Leda's Liquefaction      Hex/Erth       ##........   99%         4    ####...
 Summon Forest            Summ/Tloc      ##........   100%        5    ######.
 Hydra Form               Tmut           ##........   100%        6    #######
 Summon Hydra             Summ           ##........   100%        7    #######


Dungeon Overview and Level Annotations

Branches:
Dungeon (7/15)             Temple (0/1) D:7           Sewer (visited)
Ossuary (visited)

Altars:
Cheibriados
Dithmenos
Qazlal
Ru
Sif Muna
Yredelemnul

Shops:
D:4 =   D:5 ?

Annotations:
D:5 2 runed translucent doors
D:7 Menkaure


Innate Abilities, Weirdness & Mutations

Your experience applies equally to all skills.
You have very sharp teeth.
Your uncanny sense of smell can sniff out nearby items.


Message History

You hit the orc warrior but do no damage.
Lightning courses through the orc warrior!
You bite the orc warrior, but do no damage.
The orc warrior is almost dead.
You block the orc warrior's attack.
You hit the orc warrior but do no damage.
Lightning courses through the orc warrior!
You kill the orc warrior!
Qazlal accepts your kill.
Menkaure gestures at you while chanting.
Pain shoots through your body!
Menkaure calls on the powers of darkness!
Your body is wracked with pain!
* * * LOW HITPOINT WARNING * * *
Things that are here:
a +0 battleaxe; a +0 chain mail; an orc corpse You closely miss Menkaure.
Menkaure is almost destroyed.
Menkaure hits you!
You die...

### .(# #.# #.#
#.# #.# #M# #@#
#.# #.# #.# ## #.#
.###############.#
...........).....#
.#################
.#


You could see Menkaure.

Vanquished Creatures
  Prince Ribbit (D:6)
  Grinder (D:5)
  3 orc warriors
  A phantom (D:7)
  A sky beast (D:5)
  A black bear (D:6)
  2 ogres
  3 centaurs
  A crocodile (D:7)
  A big kobold (D:7)
  2 bullfrogs (Sewer)
  A water moccasin skeleton (D:5)
  4 scorpions
  A killer bee (D:6)
  2 howler monkeys (D:5)
  3 centaur zombies
  3 crimson imps
  A bullfrog zombie (D:5)
  An orc priest (D:4)
  A bullfrog skeleton (D:4)
  A worker ant (D:5)
  An iguana (D:4)
  2 orc wizards
  3 big kobold zombies (Ossuary)
  A hound zombie (D:6)
  A hound skeleton (D:4)
  A howler monkey zombie (D:6)
  4 mummies (Ossuary)
  3 gnolls (D:4)
  8 adders
  10 river rats
  An adder zombie (D:7)
  An ooze (D:1)
  9 worms
  A dart slug (D:2)
  2 leopard geckos
  14 orcs
  9 bats
  5 giant cockroaches
  7 hobgoblins
  8 jackals
  19 kobolds
  7 quokkas
  14 ball pythons (Sewer)
  A ball python skeleton (D:4)
  7 frilled lizards
  2 gnoll zombies (D:6)
  10 goblins
  2 hobgoblin zombies (Ossuary)
  A jackal skeleton (D:5)
  A jackal zombie (D:7)
  A leopard gecko skeleton (D:6)
  A quokka skeleton (D:7)
  25 rats
217 creatures vanquished.

Notes
Turn   | Place    | Note
-------+----------+-------------------------------------------
     0 | D:1      | Defined the Gnoll Wanderer began the quest for the Orb.
     0 | D:1      | Defined set off with the following items: a +2 shortbow, 24
                  | arrows, a scroll of teleportation, a potion of curing, a +0
                  | robe, a ration
     0 | D:1      | Reached XP level 1. HP: 17/17 MP: 2/2
   119 | D:1      | Reached XP level 2. HP: 23/23 MP: 3/3
   533 | D:1      | Reached XP level 3. HP: 25/28 MP: 4/4
  1054 | D:2      | Reached skill level 1 in Invocations
  1296 | D:2      | Reached skill level 1 in Short Blades
  1296 | D:2      | Reached skill level 1 in Axes
  1296 | D:2      | Reached skill level 1 in Maces & Flails
  1296 | D:2      | Reached skill level 1 in Polearms
  1296 | D:2      | Reached skill level 1 in Staves
  1296 | D:2      | Reached skill level 1 in Slings
  1296 | D:2      | Reached skill level 1 in Crossbows
  1296 | D:2      | Reached skill level 1 in Armour
  1296 | D:2      | Reached skill level 1 in Stealth
  1296 | D:2      | Reached skill level 1 in Shields
  1296 | D:2      | Reached skill level 1 in Unarmed Combat
  1296 | D:2      | Reached skill level 1 in Spellcasting
  1299 | D:2      | Reached XP level 4. HP: 18/34 MP: 4/6
  1341 | D:2      | Found a shimmering blue altar of Sif Muna.
  1341 | D:2      | Found a shadowy altar of Dithmenos.
  1455 | D:2      | Found a stormy altar of Qazlal.
  1467 | D:2      | Became a worshipper of Qazlal Stormbringer
  1656 | D:2      | Found a faded altar of an unknown god.
  1889 | D:3      | Reached skill level 1 in Conjurations
  1889 | D:3      | Reached skill level 1 in Hexes
  1889 | D:3      | Reached skill level 1 in Charms
  1889 | D:3      | Reached skill level 1 in Summonings
  1889 | D:3      | Reached skill level 1 in Necromancy
  1889 | D:3      | Reached skill level 1 in Translocations
  1889 | D:3      | Reached skill level 1 in Transmutations
  1889 | D:3      | Reached skill level 1 in Fire Magic
  1889 | D:3      | Reached skill level 1 in Ice Magic
  1889 | D:3      | Reached skill level 1 in Air Magic
  1889 | D:3      | Reached skill level 1 in Earth Magic
  1889 | D:3      | Reached skill level 1 in Poison Magic
  2218 | D:3      | Reached XP level 5. HP: 22/40 MP: 7/7
  2593 | D:4      | Reached * piety under Qazlal
  2832 | D:4      | Found Uzoimmoj's Jewellery Emporium.
  2875 | D:4      | Reached XP level 6. HP: 47/47 MP: 8/8
  2927 | D:4      | Found a sand-covered staircase.
  2933 | Ossuary  | Entered an ossuary
  2948 | Ossuary  | Reached skill level 5 in Bows
  2948 | Ossuary  | Reached skill level 5 in Dodging
  3014 | Ossuary  | Reached XP level 7. HP: 12/52 MP: 10/10
  3499 | D:4      | Reached skill level 7 in Long Blades
  3811 | D:5      | Entered Level 5 of the Dungeon
  3811 | D:5      | Found a snail-covered altar of Cheibriados.
  3976 | D:5      | Found Qycekumi's Magic Scroll Boutique.
  4048 | D:5      | Bought a scroll of immolation for 42 gold pieces
  4048 | D:5      | Bought a scroll of amnesia for 42 gold pieces
  4048 | D:5      | Bought a scroll of fear for 42 gold pieces
  4378 | D:5      | Reached ** piety under Qazlal
  4461 | D:5      | Found a glowing drain.
  4495 | Sewer    | Entered a sewer
  4633 | Sewer    | Reached XP level 8. HP: 59/60 MP: 12/12
  4971 | Sewer    | Reached *** piety under Qazlal
  5173 | D:5      | Found a large runed translucent door.
  5173 | D:5      | Found a large runed translucent door.
  5204 | D:5      | Found a large runed translucent door.
  5204 | D:5      | Found a large runed translucent door.
  5758 | D:6      | Noticed Grinder
  5866 | D:5      | Killed Grinder
  5866 | D:5      | Reached XP level 9. HP: 34/66 MP: 14/14
  6288 | D:6      | Noticed Prince Ribbit
  6593 | D:6      | Killed Prince Ribbit
  6637 | D:6      | Found a basalt altar of Yredelemnul.
  6684 | D:6      | Found a sacrificial altar of Ru.
  6816 | D:6      | Reached skill level 5 in Fighting
  6816 | D:6      | Reached skill level 5 in Throwing
  6816 | D:6      | Reached skill level 5 in Evocations
  7127 | D:7      | Found a staircase to the Ecumenical Temple.
  7195 | D:7      | Reached skill level 8 in Long Blades
  7417 | D:7      | Noticed Menkaure
  7427 | D:7      | Slain by Menkaure

Levels and vault maps discovered:
D:1:      psy_arrival_terrarium, layout_basic
D:2:      layout_rooms, gammafunk_temple_overflow_wave, old_standard_altar,
          first_ration, chequers_ecumenical_altar_island
D:3:      layout_basic
D:4:      layout_basic, serial_shops, nicolae_shop_crystal,
          nicolae_ossuary_entry_plus
D:5:      layout_gridville, cheibriados_altar_1, serial_shops, shop,
          cheibrodos_sewer_entry_sluice, dk_noncrumbling_4,
          minmay_hollow_rounded_squares
D:6:      minmay_chambers_of_fours, layout_cave_pools,
          lemuel_zombie_altar_yredelemnul, nicolae_ru_sacrificial_ziggurat,
          minmay_fractal_squares_gapless_5, uniq_prince_ribbit1, uniq_grinder
D:7:      layout_loops_ring, minmay_temple_entry_hall, uniq_menkaure

Skill      XL: |  1  2  3  4  5  6  7  8  9 |
---------------+----------------------------+-----
Invocations    | 1 2 3 4 |  4.9
Short Blades   | 1 2 3 4 |  4.5
Axes           | 1 2 3 4 |  4.5
Maces & Flails | 1 2 3 4 |  4.5
Polearms       | 1 2 3 4 |  4.5
Staves         | 1 2 3 4 |  4.5
Slings         | 1 2 3 4 |  4.5
Crossbows      | 1 2 3 4 |  4.5
Armour         | 1 2 3 4 |  4.5
Stealth        | 1 2 3 4 |  4.5
Shields        | 1 2 3 4 |  4.5
Unarmed Combat | 1 2 3 4 |  4.5
Spellcasting   | 1 2 3 4 |  4.5
Conjurations   | 1 2 3 |  3.7
Hexes          | 1 2 3 |  3.7
Charms         | 1 2 3 |  3.7
Summonings     | 1 2 3 |  3.7
Necromancy     | 1 2 3 |  3.7
Translocations | 1 2 3 |  3.7
Transmutations | 1 2 3 |  3.7
Fire Magic     | 1 2 3 |  3.7
Ice Magic      | 1 2 3 |  3.7
Air Magic      | 1 2 3 |  3.7
Earth Magic    | 1 2 3 |  3.7
Poison Magic   | 1 2 3 |  3.7
Fighting       | 3 4 5 |  5.2
Throwing       | 3 4 5 |  5.2
Evocations     | 3 4 5 |  5.2
Bows           | 5 6 |  6.5
Dodging        | 5 6 |  6.5
Long Blades    | 7 8 |  8.0

Action                   |  1- 3 |  4- 6 |  7- 9 || total
-------------------------+-------+-------+-------++-------
Melee: Short sword       |    44 |   110 |   370 ||   524
       Whip              |    12 |    91 |    56 ||   159
       Bite              |     4 |    22 |    56 ||    82
       Punch             |       |       |     1 ||     1
       Quarterstaff      |       |       |    28 ||    28
 Fire: Shortbow          |    49 |    20 |    45 ||   114
Throw: Javelin           |       |    11 |     5 ||    16
       Stone             |       |     5 |       ||     5
Invok: Upheaval          |       |       |     5 ||     5
  Use: Scroll            |       |     9 |     4 ||    13
       Potion            |       |     1 |     2 ||     3
  Eat: Chunk             |     1 |     6 |    19 ||    26
Armor: Robe              |     1 |       |       ||     1
       Chain mail        |    42 |   141 |   254 ||   437
Dodge: Dodged            |    42 |   114 |   221 ||   377
Block: Other             |       |     3 |    57 ||    60
       Buckler           |       |       |    53 ||    53
